 Dungeon Crawl Stone Soup version 0.22.1-2-g9c5b331 (webtiles) character file.

331 whitewolfNL the Cudgeler (level 6, -2/56 HPs)
             Began as a Minotaur Berserker on Dec 18, 2018.
             Was a Believer of Trog.
             Slain by an ogre
             ... wielding a +0 giant club
              (14 damage)
             ... on level 4 of the Dungeon.
             The game lasted 00:04:38 (1865 turns).

whitewolfNL the Cudgeler (Minotaur Berserker)       Turns: 1865, Time: 00:04:39

Health: -2/56      AC:  2    Str: 21    XL:     6   Next: 26%
Magic:  5/5        EV: 13    Int:  5    God:    Trog [**....]
Gold:   116        SH:  0    Dex: 11    Spells: 5/5 levels left

rFire    . . .     SeeInvis .   a - +0 mace
rCold    . . .     Gourm    .   (no shield)
rNeg     . . .     Faith    .   b - +0 animal skin
rPois    .         Spirit   .   (helmet restricted)
rElec    .         Reflect  .   (no cloak)
rCorr    .         Harm     .   (no gloves)
MR       .....                  (no boots)
Stlth    +.........             p - amulet of regeneration
HPRegen  0.58/turn              (no ring)
MPRegen  0.09/turn              (no ring)

@: berserk cooldown, slowed, very slow
A: retaliatory headbutt, horns 2
a: Berserk, Trog's Hand, Renounce Religion


You were on level 4 of the Dungeon.
You worshipped Trog.
Trog was pleased with you.
You were not hungry.

You visited 1 branch of the dungeon, and saw 3 of its levels.

You collected 116 gold pieces.

Inventory:

Hand Weapons
 a - a +0 mace (weapon)
 n - a +0 hunting sling
 o - a +0 flail
Missiles
 e - 33 sling bullets
 h - 25 arrows
Armour
 b - a +0 animal skin (worn)
Jewellery
 p - an amulet of regeneration (around neck)
Wands
 q - a wand of iceblast (7)
Scrolls
 f - a scroll of blinking {unknown}
 i - a scroll of remove curse {unknown}
 k - a scroll of enchant armour {unknown}
 l - a scroll of fog {unknown}
 m - a scroll of identify {unknown}
Potions
 d - a potion of berserk rage {unknown}
 g - a potion of mutation {unknown}
 j - a potion of heal wounds {unknown}
Comestibles
 c - 4 rations


   Skills:
 * Level 5.1 Fighting
 * Level 6.5 Maces & Flails
 * Level 3.3 Armour
 * Level 3.3 Dodging
 + Level 1.0 Stealth


You had 5 spell levels left.
You didn't know any spells.
Your spell library was empty.

Dungeon Overview and Level Annotations

Branches:
Dungeon (2/15)

Altars:


Innate Abilities, Weirdness & Mutations

You reflexively headbutt those who attack you in melee.
You have a pair of horns on your head.


Message History

Increase (S)trength, (I)ntelligence, or (D)exterity?
You feel agile. The ogre misses you.
You barely miss the ogre. Your headbutt misses the ogre.
The ogre barely misses you.
You completely miss the ogre. You headbutt the ogre.
The ogre is lightly wounded.
The ogre barely misses you. You furiously retaliate!
You headbutt the ogre! You closely miss the ogre.
The ogre is heavily wounded.
The ogre misses you. You furiously retaliate!
You headbutt the ogre. You hit the ogre but do no damage.
The ogre is severely wounded.
The ogre hits you with a giant club!!
* * * LOW HITPOINT WARNING * * *
The ogre misses you.
You hit the ogre.
The ogre is almost dead.
The ogre hits you with a giant club!
You die...

...>...#...P..
.............
...#..#..#..♣
........#.♣♣♣
#...........
...##..)...##..
...............
.....♣♣O♣♣..... ##.
♣♣♣@♣♣♣ ... ♣♣PP.PP♣ #
♣PP...PP♣ ##♣♣P.....P♣
#......⌠......
#.♣♣P.....P♣♣#
..#####.♣♣PP...PP♣♣###
.........♣♣PP.PP♣♣...
.#.....#.♣♣♣♣.♣♣♣♣.##


You could see an ogre.

Vanquished Creatures
  2 ogres (D:4)
  A necrophage (D:4)
  3 gnolls (D:4)
  3 adders
  A worm (D:2)
  4 bats
  A giant cockroach (D:2)
  6 goblins
  2 hobgoblins (D:1)
  3 kobolds
  A frilled lizard (D:1)
  3 rats (D:1)
30 creatures vanquished.

Notes
Turn   | Place    | Note
-------+----------+-------------------------------------------
     0 | D:1      | whitewolfNL the Minotaur Berserker began the quest for the
                  | Orb.
     0 | D:1      | Reached XP level 1. HP: 19/19 MP: 0/0
   180 | D:1      | Reached skill level 4 in Maces & Flails
   180 | D:1      | Reached XP level 2. HP: 19/27 MP: 1/1
   945 | D:2      | Reached XP level 3. HP: 17/33 MP: 2/2
  1100 | D:2      | Reached ** piety under Trog
  1575 | D:2      | You fall through a shaft for 2 floors!
  1583 | D:4      | Reached skill level 5 in Maces & Flails
  1586 | D:4      | Reached XP level 4. HP: 40/40 MP: 3/3
  1840 | D:4      | Noticed a necrophage
  1844 | D:4      | Killed a necrophage
  1844 | D:4      | Reached XP level 5. HP: 40/47 MP: 4/4
  1846 | D:4      | Noticed an ogre
  1846 | D:4      | Noticed an ogre
  1851 | D:4      | Noticed an ogre
  1857 | D:4      | Killed an ogre
  1857 | D:4      | Reached skill level 6 in Maces & Flails
  1857 | D:4      | Reached skill level 1 in Stealth
  1860 | D:4      | Killed an ogre
  1860 | D:4      | Reached skill level 5 in Fighting
  1860 | D:4      | Reached XP level 6. HP: 32/56 MP: 5/5
  1865 | D:4      | Slain by an ogre

Skill      XL: |  1  2  3  4  5 |
---------------+----------------+-----
Maces & Flails | 4 5 6 |  6.5
Fighting       | 4 5 |  5.1
Armour         | 3 |  3.3
Dodging        | 3 |  3.3
Stealth        | 1 |  1.0

Action                   |  1- 3 |  4- 6 || total
-------------------------+-------+-------++-------
Melee: Mace              |    51 |    17 ||    68
       Headbutt          |    11 |     4 ||    15
Invok: Berserk           |     2 |     1 ||     3
  Use: Potion            |     1 |       ||     1
  Eat: Chunk             |     3 |       ||     3
       Ration            |       |     1 ||     1
Armor: Animal skin       |     8 |     1 ||     9
Dodge: Dodged            |    40 |    12 ||    52
